 Dungeon Crawl Stone Soup version 0.18.1-50-g88ac8fd (webtiles) character file.

155 HulkNorris the Skirmisher (level 5, -10/43 HPs)
             Began as a Formicid Abyssal Knight on Jan 18, 2017.
             Was a Believer of Lugonu.
             Mangled by an iguana (11 damage)
             ... on level 4 of the Dungeon.
             The game lasted 00:16:07 (2017 turns).

HulkNorris the Skirmisher (Formicid Abyssal Knight) Turns: 2017, Time: 00:16:08

Health: -10/43     AC: 10    Str: 17    XL:     5   Next: 63%
Magic:  6/6        EV: 12    Int: 12    God:    Lugonu [**....]
Gold:   81         SH:  0    Dex: 10    Spells: 0 memorised, 4 levels left

rFire  . . .     SeeInvis +     f - +0 rapier (protect)
rCold  . . .     Gourm    .     b - +1 leather armour
rNeg   . . .     Faith    .     (no shield)
rPois  .         Spirit   .     (helmet unavailable)
rElec  .         Dismiss  .     (no cloak)
rCorr  .         Reflect  .     (no gloves)
SustAt .         Harm     .     q - +0 pair of boots
MR     .....                    (no amulet)
Stlth  ..........               (no ring)
                                g - ring of loudness (curse)

@: not resistant to hostile enchantments, extremely unstealthy
A: permanent stasis, dig shafts and tunnels, four strong arms, antennae 3
a: Dig, Shaft Self, Depart the Abyss, Bend Space, Renounce Religion


You were on level 4 of the Dungeon.
You worshipped Lugonu.
Lugonu was pleased with you.
You were hungry.

You visited 1 branch of the dungeon, and saw 4 of its levels.
You visited the Abyss 1 time.

You collected 81 gold pieces.

Inventory:

Hand Weapons
 a - a +2 falchion
 e - a cursed -1 club
 f - a +0 rapier of protection (weapon)
 m - a +0 short sword
 o - a +0 dagger
 p - a +0 club
 s - a +0 short sword
 t - a cursed +0 dagger
 x - a +0 club
 y - a +0 dagger
 A - a +0 hunting sling
Missiles
 l - 18 bolts
 n - 50 stones (quivered)
 u - 19 arrows
 z - 12 poisoned needles
Armour
 b - a +1 leather armour (worn)
 h - a +0 leather armour
 j - a +0 robe
 q - a +0 pair of boots (worn)
Jewellery
 g - a cursed ring of loudness (left hand)
Potions
 k - a potion of magic
Comestibles
 c - 2 bread rations


   Skills:
 + Level 4.6 Fighting
 + Level 1.0(1.9) Short Blades
 + Level 2.6(2.7) Long Blades
 + Level 0.6 Throwing
 + Level 2.8 Armour
 + Level 2.0 Dodging
 + Level 1.3 Stealth
 + Level 2.4 Invocations


You had 4 spell levels left.
You didn't know any spells.

Dungeon Overview and Level Annotations

Branches:
Dungeon (4/15)
 Temple: D:4-7

Altars:


Innate Abilities, Weirdness & Mutations

You are under a permanent stasis effect.
You can dig through walls and to a lower floor.
Your four strong arms can wield two-handed weapons with a shield.
You have a pair of large antennae on your head (SInv).


Message History

The iguana barely misses you. The iguana misses you.
You feel a little less clever now. The iguana bites you.
* * * LOW HITPOINT WARNING * * *
You feel a little less agile now.
The iguana bites you but does no damage.
You are feeling hungry.
All of the chunks of flesh in your inventory have rotted away.
You barely miss the iguana.
The iguana is moderately wounded.
The iguana bites you!
* * * LOW HITPOINT WARNING * * *
You completely miss the iguana.
The iguana is moderately wounded.
The iguana completely misses you.
You hit the iguana but do no damage.
The iguana is moderately wounded.
The iguana bites you!
You die...

## .# { .#
######## .#
#......# .#
#.###### .. #.#
###########.######
#####
...............l@#
#....
###########.######
#.### #.....# #.#
#.#.#.# #.#
#.#.#.########.
#.#
#.#.#.#........
#.#
#.#.#..<.......
#.#
#.#.###.#######
#.# #.#.# #.# #.#


You could see an iguana.

Vanquished Creatures
  An orc priest (D:4)
  An orc wizard (D:4)
  2 worker ants (D:4)
  2 adders
  A worm (D:2)
  A dart slug (D:1)
  2 orcs (D:4)
  3 bats (D:1)
  A giant cockroach (D:2)
  3 goblins (D:1)
  A hobgoblin (D:3)
  6 kobolds
  2 giant newts (D:1)
  5 rats
31 creatures vanquished.

Notes
Turn   | Place    | Note
--------------------------------------------------------------
     0 | Abyss:1  | HulkNorris the Formicid Abyssal Knight began the quest for the Orb.
     0 | Abyss:1  | Reached XP level 1. HP: 18/18 MP: 2/2
     8 | D:1      | Escaped the Abyss
   238 | D:1      | Reached skill level 1 in Dodging
   267 | D:1      | Reached XP level 2. HP: 21/24 MP: 3/3
   660 | D:2      | Reached skill level 4 in Fighting
   660 | D:2      | Reached XP level 3. HP: 13/30 MP: 4/4
  1032 | D:2      | Reached ** piety under Lugonu
  1327 | D:4      | Reached skill level 1 in Stealth
  1327 | D:4      | Reached XP level 4. HP: 27/38 MP: 5/5
  1350 | D:4      | Reached XP level 5. HP: 21/43 MP: 6/6
  1764 | D:4      | Reached skill level 1 in Short Blades
  2015 | D:4      | HP: 1/43 [iguana (12)]
  2017 | D:4      | Mangled by an iguana

Skill      XL: |  1  2  3  4  5 |
---------------+----------------+-----
Dodging        | 1 2 |  2.0
Fighting       | 4 |  4.6
Stealth        | 1 |  1.3
Short Blades   | 1 |  1.0
Long Blades    | |  2.6
Throwing       | |  0.6
Armour         | |  2.8
Invocations    | |  2.4

Action                   |  1- 3 |  4- 6 || total
-------------------------+-------+-------++-------
Melee: Falchion          |    64 |       ||    64
       Rapier            |    11 |    56 ||    67
Throw: Stone             |    10 |       ||    10
  Use: Scroll            |     6 |       ||     6
       Potion            |     1 |     3 ||     4
  Eat: Chunk             |     1 |     2 ||     3
Armor: Leather armour    |    34 |    21 ||    55
Dodge: Dodged            |    75 |    34 ||   109
